SAAA
JERSEY CITY SUN CAPS @ BRINKLEY BELUGAS
05/18/2022
 
TOP OF THE 1ST
Jersey City Sun Caps batting - Pitching for Brinkley Belugas : RHP Robert Archer
Pitching: RHP Robert Archer
Batting: RHB Luis Rodríguez 0-0: Called Strike
0-1: Ball
1-1: SINGLE (Groundball, 56D) (infield hit)
Batting: RHB Micheal Murdoch 0-0: Ball
1-0: Ball
2-0: Ball
3-0: Called Strike
3-1: Called Strike
3-2: Foul Ball, location: 2F
3-2: Base on Balls
Luis Rodríguez to second
Batting: LHB Marlon Randall 0-0: Ball
1-0: Foul Ball, location: 2F
1-1: Ball
2-1: Swinging Strike
2-2: Foul Ball, location: 2F
2-2: SINGLE (Groundball, 34D)
Luis Rodríguez to third
Micheal Murdoch to second
Runner from 3rd tries for Home, SAFE, no throw or cutoff
Batting: RHB Jonah Moody 0-0: Fly out, F6 (Popup, 5L)
Batting: RHB Gil Moore 0-0: Called Strike
0-1: Called Strike
0-2: Foul Ball, location: 2F
0-2: Foul Ball, location: 2F
0-2: Grounds into double play, 5-4-3 (Groundball, 5)
Top of the 1st over - 1 run(s), 2 hit(s), 0 error(s), 1 left on base; Jersey City 1 - Brinkley 0
BOTTOM OF THE 1ST
Brinkley Belugas batting - Pitching for Jersey City Sun Caps : RHP Jim Unknown
Pitching: RHP Jim Unknown
Batting: LHB Arturo Hernández 0-0: Called Strike
0-1: Swinging Strike
0-2: Ball
1-2: DOUBLE (Groundball, 3D)
Batting: RHB Jorge Salazar 0-0: Called Strike
0-1: Ball
1-1: Ball
2-1: Ball
3-1: Foul Ball, location: 2F
3-2: Strikes out looking
Batting: RHB Reggie Kahn 0-0: SINGLE (Groundball, 34)
Arturo Hernández to third
Runner from 3rd tries for Home, SAFE, no throw or cutoff
Batting: RHB Bryan Armstrong 0-0: Ball
Reggie Kahn steals 2nd base
1-0: Ball
2-0: Ball
3-0: Base on Balls
Batting: RHB Jason Weston 0-0: Swinging Strike
0-1: Grounds into double play, 6-4-3 (Groundball, 6M)
Bottom of the 1st over - 1 run(s), 2 hit(s), 0 error(s), 1 left on base; Jersey City 1 - Brinkley 1
TOP OF THE 2ND
Jersey City Sun Caps batting - Pitching for Brinkley Belugas : RHP Robert Archer
Batting: RHB Matt Brown 0-0: Ball
1-0: Ball
2-0: Ball
3-0: Called Strike
3-1: Fly out, F5 (Line Drive, 56)
Batting: RHB Eddie O'Bryan 0-0: Ball
1-0: Swinging Strike
1-1: Ball
2-1: Swinging Strike
2-2: Foul Ball, location: 2F
2-2: Ball
3-2: Strikes out swinging
Batting: RHB Tony Quintana 0-0: Swinging Strike
0-1: Ground out 5-3 (Groundball, 56S)
Top of the 2nd over - 0 run(s), 0 hit(s), 0 error(s), 0 left on base; Jersey City 1 - Brinkley 1
BOTTOM OF THE 2ND
Brinkley Belugas batting - Pitching for Jersey City Sun Caps : RHP Jim Unknown
Batting: RHB Orlando Trevino 0-0: Ground out 4-3 (Groundball, 4M)
Batting: RHB Jorge Torrez 0-0: Ball
1-0: Ball
2-0: Ball
3-0: Called Strike
3-1: Called Strike
3-2: Fly out, F5 (Popup, 25)
Batting: RHB Pablo Alyala 0-0: Ball
1-0: Ground out 5-3 (Groundball, 56S)
Bottom of the 2nd over - 0 run(s), 0 hit(s), 0 error(s), 0 left on base; Jersey City 1 - Brinkley 1
TOP OF THE 3RD
Jersey City Sun Caps batting - Pitching for Brinkley Belugas : RHP Robert Archer
Batting: RHB Christian O'Dell 0-0: Swinging Strike
0-1: Ball
1-1: Foul Ball, location: 2F
1-2: Strikes out swinging
Batting: RHB Luis Rodríguez 0-0: Foul Ball, location: 2F
0-1: Ball
1-1: Ball
2-1: Swinging Strike
2-2: Strikes out looking
Batting: RHB Micheal Murdoch 0-0: Ground out 6-3 (Groundball, 6)
Top of the 3rd over - 0 run(s), 0 hit(s), 0 error(s), 0 left on base; Jersey City 1 - Brinkley 1
BOTTOM OF THE 3RD
Brinkley Belugas batting - Pitching for Jersey City Sun Caps : RHP Jim Unknown
Batting: RHB Edward Baker 0-0: SINGLE (Flyball, 78S)
Batting: LHB Arturo Hernández 0-0: Ball
1-0: Called Strike
1-1: Fly out, F8 (Flyball, 8LD)
Batting: RHB Jorge Salazar 0-0: Ball
1-0: Called Strike
1-1: Ball
2-1: Foul Ball, location: 2F
2-2: Foul Ball, location: 2F
2-2: Grounds into double play, 6-4-3 (Groundball, 6)
Bottom of the 3rd over - 0 run(s), 1 hit(s), 0 error(s), 0 left on base; Jersey City 1 - Brinkley 1
TOP OF THE 4TH
Jersey City Sun Caps batting - Pitching for Brinkley Belugas : RHP Robert Archer
Batting: LHB Marlon Randall 0-0: Ball
1-0: Swinging Strike
1-1: Foul Ball, location: 2F
1-2: Ground out 4-3 (Groundball, 4)
Batting: RHB Jonah Moody 0-0: Ball
1-0: Fly out, F8 (Flyball, 8LS)
Batting: RHB Gil Moore 0-0: Foul Ball, location: 2F
0-1: Fly out, F8 (Flyball, 8LM)
Top of the 4th over - 0 run(s), 0 hit(s), 0 error(s), 0 left on base; Jersey City 1 - Brinkley 1
BOTTOM OF THE 4TH
Brinkley Belugas batting - Pitching for Jersey City Sun Caps : RHP Jim Unknown
Batting: RHB Reggie Kahn 0-0: Ball
1-0: Fly out, F8 (Flyball, 8LS)
Batting: RHB Bryan Armstrong 0-0: Ball
1-0: Called Strike
1-1: Foul Ball, location: 2F
1-2: Ball
2-2: Ball
3-2: DOUBLE (Line Drive, 7LS)
Batting: RHB Jason Weston 0-0: Ball
1-0: Ball
2-0: Ball
3-0: Base on Balls
Batting: RHB Orlando Trevino 0-0: Ball
1-0: Ball
2-0: SINGLE (Groundball, 56D)
Bryan Armstrong to third
Jason Weston to second
Batting: RHB Jorge Torrez 0-0: Called Strike
0-1: Ball
1-1: Ball
2-1: Ball
3-1: Foul Ball, location: 2F
3-2: Foul Ball, location: 2F
3-2: Fly out, F9 (Flyball, 9M)
Batting: RHB Pablo Alyala 0-0: Ball
1-0: Ball
2-0: Fly out, F2 (Popup, 2LF)
Bottom of the 4th over - 0 run(s), 2 hit(s), 0 error(s), 3 left on base; Jersey City 1 - Brinkley 1
TOP OF THE 5TH
Jersey City Sun Caps batting - Pitching for Brinkley Belugas : RHP Robert Archer
Batting: RHB Matt Brown 0-0: Swinging Strike
0-1: Called Strike
0-2: Foul Ball, location: 2F
0-2: Ball
1-2: Ball
2-2: Ground out 5-3 (Groundball, 56)
Batting: RHB Eddie O'Bryan 0-0: Ball
1-0: Ball
2-0: Ball
3-0: Called Strike
3-1: Foul Ball, location: 2F
3-2: Base on Balls
Batting: RHB Tony Quintana 0-0: Ball
1-0: Foul Ball, location: 2F
1-1: Ball
2-1: Foul Ball, location: 2F
2-2: Foul Ball, location: 2F
2-2: DOUBLE (Line Drive, 7D)
Eddie O'Bryan to third
Batting: RHB Christian O'Dell 0-0: Ball
1-0: Ball
2-0: Ball
3-0: Base on Balls
Batting: RHB Luis Rodríguez 0-0: Ball
1-0: Called Strike
1-1: Swinging Strike
1-2: Strikes out looking
Batting: RHB Micheal Murdoch 0-0: Ball
1-0: Foul Ball, location: 2F
1-1: Called Strike
1-2: Fly out, F8 (Flyball, 8LXD)
Top of the 5th over - 0 run(s), 1 hit(s), 0 error(s), 3 left on base; Jersey City 1 - Brinkley 1
BOTTOM OF THE 5TH
Brinkley Belugas batting - Pitching for Jersey City Sun Caps : RHP Jim Unknown
Batting: RHB Edward Baker 0-0: Ball
1-0: Ground out 5-3 (Groundball, 56)
Batting: LHB Arturo Hernández 0-0: SINGLE (Line Drive, 4)
Batting: RHB Jorge Salazar 0-0: Called Strike
0-1: Ball
1-1: Foul Ball, location: 2F
1-2: Foul Ball, location: 2F
1-2: Ball
2-2: Foul Ball, location: 2F
2-2: Fly out, F7 (Flyball, 78M)
Batting: RHB Reggie Kahn 0-0: Ball
1-0: DOUBLE (Groundball, 5L)
Arturo Hernández to third
Runner from 3rd tries for Home, SAFE, no throw or cutoff
Batting: RHB Bryan Armstrong 0-0: Ball
1-0: Foul Ball, location: 2F
1-1: Ball
2-1: Foul Ball, location: 2F
2-2: Strikes out swinging
Bottom of the 5th over - 1 run(s), 2 hit(s), 0 error(s), 1 left on base; Jersey City 1 - Brinkley 2
TOP OF THE 6TH
Jersey City Sun Caps batting - Pitching for Brinkley Belugas : RHP Robert Archer
Batting: LHB Marlon Randall 0-0: Ball
1-0: Called Strike
1-1: Ball
2-1: Called Strike
2-2: Strikes out swinging
Batting: RHB Jonah Moody 0-0: Fly out, F4 (Popup, 34D)
Batting: RHB Gil Moore 0-0: Called Strike
0-1: Ball
1-1: Swinging Strike
1-2: SINGLE (Groundball, 56D)
Batting: RHB Matt Brown 0-0: Foul Ball, location: 2F
0-1: Ball
1-1: Ball
2-1: SINGLE (Flyball, 89S)
Gil Moore to second
Runner from 2nd tries for 3rd, SAFE, throw made to third
Batting: RHB Eddie O'Bryan 0-0: SINGLE (Line Drive, 8LS)
Gil Moore scores
Matt Brown to second
Batting: RHB Tony Quintana 0-0: Ball
1-0: Ball
2-0: Ball
3-0: Base on Balls
Matt Brown to third
Eddie O'Bryan to second
Batting: RHB Christian O'Dell 0-0: Ground out 5-3 (Groundball, 5L)
Top of the 6th over - 1 run(s), 3 hit(s), 0 error(s), 3 left on base; Jersey City 2 - Brinkley 2
BOTTOM OF THE 6TH
Brinkley Belugas batting - Pitching for Jersey City Sun Caps : RHP Jim Unknown
Batting: RHB Jason Weston 0-0: Ball
1-0: Foul Ball, location: 2F
1-1: Ball
2-1: Ball
3-1: Foul Ball, location: 2F
3-2: Base on Balls
Batting: RHB Orlando Trevino 0-0: Bunted foul
0-1: Bunt missed!
0-2: Ball
1-2: Foul Ball, location: 2F
1-2: Fly out, F9 (Flyball, 89S)
Batting: RHB Jorge Torrez 0-0: Foul Ball, location: 2F
0-1: Swinging Strike
0-2: Ball
1-2: Strikes out swinging
Batting: RHB Pablo Alyala 0-0: Ball
1-0: Foul Ball, location: 2F
1-1: Foul Ball, location: 2F
1-2: SINGLE (Groundball, 4M)
Jason Weston to second
Runner from 2nd tries for 3rd, SAFE, throw made to third
Pitching: LHP Denver Johnston
Batting: RHB Edward Baker 0-0: Ball
1-0: Called Strike
1-1: Foul Ball, location: 2F
1-2: Foul Ball, location: 2F
1-2: Strikes out swinging
Bottom of the 6th over - 0 run(s), 1 hit(s), 0 error(s), 2 left on base; Jersey City 2 - Brinkley 2
TOP OF THE 7TH
Jersey City Sun Caps batting - Pitching for Brinkley Belugas : RHP Robert Archer
Batting: RHB Luis Rodríguez 0-0: Ball
1-0: Ball
2-0: Called Strike
2-1: SOLO HOME RUN (Flyball, 8RXD), Distance : 441 ft
Batting: RHB Micheal Murdoch 0-0: Ball
1-0: Ball
2-0: Foul Ball, location: 2F
2-1: Ball
3-1: Foul Ball, location: 2F
3-2: Base on Balls
Batting: LHB Marlon Randall 0-0: Swinging Strike
0-1: Foul Ball, location: 2F
0-2: Foul Ball, location: 2F
0-2: Foul Ball, location: 2F
0-2: Ball
1-2: Ball
2-2: Strikes out swinging
Pitching: LHP Jeffery Howell
Batting: RHB Jonah Moody 0-0: Ball
1-0: Ball
2-0: Ball
3-0: Base on Balls
Micheal Murdoch to second
Batting: RHB Gil Moore 0-0: Ball
1-0: Ball
2-0: Called Strike
2-1: Swinging Strike
2-2: Fly out, F4 (Popup, 34)
Batting: RHB Matt Brown 0-0: Called Strike
0-1: Swinging Strike
0-2: Ball
1-2: Strikes out swinging
Top of the 7th over - 1 run(s), 1 hit(s), 0 error(s), 2 left on base; Jersey City 3 - Brinkley 2
BOTTOM OF THE 7TH
Brinkley Belugas batting - Pitching for Jersey City Sun Caps : LHP Denver Johnston
Batting: LHB Arturo Hernández 0-0: Ball
1-0: Foul Ball, location: 2F
1-1: Called Strike
1-2: Ground out 4-3 (Groundball, 4)
Batting: RHB Jorge Salazar 0-0: Ball
1-0: SINGLE (Line Drive, 56)
Batting: RHB Reggie Kahn 0-0: Swinging Strike
0-1: Foul Ball, location: 2F
0-2: Ball
1-2: Fly out, F9 (Flyball, 89M)
Pinch Hitting: RHB Shawn Hicks 0-0: Ball
1-0: Ball
2-0: Hit by Pitch
Jorge Salazar to second
Batting: RHB Jason Weston 0-0: Ground out 3-1 (Groundball, 34)
Bottom of the 7th over - 0 run(s), 1 hit(s), 0 error(s), 2 left on base; Jersey City 3 - Brinkley 2
TOP OF THE 8TH
Jersey City Sun Caps batting - Pitching for Brinkley Belugas : LHP Jeffery Howell
Now in LF: Gonzalo Núñez
Batting: RHB Eddie O'Bryan 0-0: DOUBLE (Flyball, 89D)
Batting: RHB Tony Quintana 0-0: Intentional Walk
Batting: RHB Christian O'Dell 0-0: Bunt missed!
0-1: Bunted foul
0-2: Ball
1-2: 3-RUN HOME RUN (Flyball, 7D), Distance : 376 ft
Pitching: RHP César Rivera
Batting: RHB Luis Rodríguez 0-0: Ball
1-0: Swinging Strike
1-1: Called Strike
1-2: Ball
2-2: Foul Ball, location: 2F
2-2: Ball
3-2: Base on Balls
Batting: RHB Micheal Murdoch 0-0: Bunted foul
0-1: Bunted foul
0-2: Ball
1-2: Ball
2-2: Foul Ball, location: 2F
2-2: Foul Ball, location: 2F
2-2: Grounds into double play, 1-6-3 (Groundball, 13)
Batting: LHB Marlon Randall 0-0: Swinging Strike
0-1: Ball
1-1: Called Strike
1-2: Ground out 3-1 (Groundball, 34)
Top of the 8th over - 3 run(s), 2 hit(s), 0 error(s), 0 left on base; Jersey City 6 - Brinkley 2
BOTTOM OF THE 8TH
Brinkley Belugas batting - Pitching for Jersey City Sun Caps : LHP Denver Johnston
Batting: RHB Orlando Trevino 0-0: Called Strike
0-1: SINGLE (Flyball, 78S)
Batting: RHB Jorge Torrez 0-0: Called Strike
0-1: Foul Ball, location: 2F
0-2: Ball
1-2: Foul Ball, location: 2F
1-2: Fly out, F9 (Flyball, 9S)
Batting: RHB Pablo Alyala 0-0: Ball
1-0: Ball
2-0: Reached on error, E3 (Groundball, 3L)
Orlando Trevino to second
Pitching: RHP Jim Unknown
Batting: RHB Edward Baker 0-0: Ball
1-0: Foul Ball, location: 2F
1-1: Grounds into double play, U4-3 (Groundball, 4)
Bottom of the 8th over - 0 run(s), 1 hit(s), 1 error(s), 1 left on base; Jersey City 6 - Brinkley 2
TOP OF THE 9TH
Jersey City Sun Caps batting - Pitching for Brinkley Belugas : RHP César Rivera
Batting: RHB Jonah Moody 0-0: Foul Ball, location: 2F
0-1: Called Strike
0-2: Ball
1-2: Ground out 6-3 (Groundball, 6M)
Batting: RHB Gil Moore 0-0: Called Strike
0-1: Called Strike
0-2: Fly out, F8 (Popup, 8RS)
Batting: RHB Matt Brown 0-0: Called Strike
0-1: Ball
1-1: Ball
2-1: Swinging Strike
2-2: Foul Ball, location: 2F
2-2: Ball
3-2: Base on Balls
Batting: RHB Eddie O'Bryan 0-0: Ball
1-0: Ball
2-0: Reached on error, E6 (Groundball, 6)
Matt Brown to second
Batting: RHB Tony Quintana 0-0: Ball
1-0: Foul Ball, location: 2F
1-1: Swinging Strike
1-2: Ball
2-2: Ball
3-2: Foul Ball, location: 2F
3-2: SINGLE (Flyball, 6MD)
Matt Brown to third
Eddie O'Bryan to second
Matt Brown scores
Eddie O'Bryan to third
Batting: RHB Christian O'Dell 0-0: Ball
1-0: Called Strike
1-1: Ball
2-1: Swinging Strike
2-2: Ball
3-2: Foul Ball, location: 2F
3-2: Strikes out looking
Top of the 9th over - 1 run(s), 1 hit(s), 1 error(s), 2 left on base; Jersey City 7 - Brinkley 2
BOTTOM OF THE 9TH
Brinkley Belugas batting - Pitching for Jersey City Sun Caps : RHP Jim Unknown
Pitching: RHP Carlos Guzmán
Now in LF: Harry Reynolds
Now in RF: Anrrique Bolo
Batting: LHB Arturo Hernández 0-0: Ball
1-0: Fly out, F8 (Flyball, 8RM)
Batting: RHB Jorge Salazar 0-0: Ground out 6-3 (Groundball, 6)
Batting: RHB Reggie Kahn 0-0: Foul Ball, location: 2F
0-1: Ball
1-1: Ball
2-1: Foul Ball, location: 2F
2-2: Foul Ball, location: 2F
2-2: Strikes out swinging
Bottom of the 9th over - 0 run(s), 0 hit(s), 0 error(s), 0 left on base; Jersey City 7 - Brinkley 2
This league is powered by Out of the Park Baseball, the baseball management simulation game for PC, Mac and Linux
Friday, April 15th, 2016 - OOTP Baseball 16.9 Build 39